 Dungeon Crawl Stone Soup version 0.32-a0-666-ge8a88695a4 (webtiles) character file.

Game seed: 6699629956010748821

41 adelrune the Chopper (level 3, -3/29 HPs)
             Began as a Demonspawn Monk on Mar 9, 2024.
             Slain by a gnoll
             ... wielding a +0 club
              (6 damage)
             ... on level 2 of the Dungeon.
             The game lasted 00:02:07 (842 turns).

adelrune the Chopper (Demonspawn Monk)               Turns: 842, Time: 00:02:07

Health: -3/29      AC:  6    Str: 13    XL:     3   Next: 32%
Magic:  3/3        EV: 10    Int: 10    God:
Gold:   55         SH:  0    Dex: 15    Spells: 2/2 levels left

rFire   . . .        i - +1 whip (elec)
rCold   . . .        d - orb {light}
rNeg    . . .        j - +0 scale mail
rPois   .            (no helmet)
rElec   .            (no cloak)
rCorr   .            (no gloves)
SInv    .            (no boots)
Will    .....        (no amulet) Stlth
                     (no ring)
HPRegen 0.24/turn    (no ring)
MPRegen 0.08/turn

%: no passive effects
@: glowing
A: foul stench 1, powered by pain 1
a: no special abilities


You were on level 2 of the Dungeon.
You visited 1 branch of the dungeon, and saw 2 of its levels.

You collected 55 gold pieces.

Inventory:

Hand Weapons
 a - a +0 hand axe
 i - a +1 whip of electrocution (weapon)
Armour
 b - a +0 robe
 d - an orb of light (worn)
 g - a +0 ring mail
 j - a +0 scale mail (worn)
Scrolls
 e - a scroll of fog {unknown}
 f - a scroll of amnesia {unknown}
 h - 2 scrolls of identify {unknown}
 k - a scroll of immolation {unknown}
 m - a scroll of summoning {unknown}
Potions
 c - a potion of ambrosia
 l - a potion of haste {unknown}


   Skills:
 + Level 3.3 Fighting
 * Level 3.4 Axes
 + Level 1.1 Armour
 - Level 2.6 Dodging


You had 2 spell levels left.
You didn't know any spells.
Your spell library contained the following spells:

 Spells                   Type           Power      Damage    Failure   Level
 Cigotuvi's Dreadful Rot  Necr/Alch/Air  0%         N/A       95%         2
 Ignite Poison            Fire/Alch      0%         N/A       100%        4
 Freezing Cloud           Conj/Ice/Air   0%         6-21      100%        5


Dungeon Overview and Level Annotations

Branches:
Dungeon (2/15)

Altars:
Qazlal


Innate Abilities, Weirdness & Mutations

You may rarely emit foul miasma when damaged in melee.
You sometimes gain a little power by taking damage.


Message History

The ribbon worm is moderately wounded.
The ribbon worm bites you.
You hit the ribbon worm.
The ribbon worm is heavily wounded.
The ribbon worm barely misses you.
You hit the ribbon worm but do no damage.
Lightning courses through the ribbon worm!
You kill the ribbon worm!
You see here a ribbon worm corpse.
You start resting.
HP restored.
As you open the door, it creaks loudly!
A dart slug, a kobold and 2 gnolls come into view.
The kobold shouts!
The gnoll shouts! x2
A rat comes into view.
A gnoll comes into view. It is wielding a +0 club.
The gnoll shouts!
The gnoll hits you with a +0 flail.
There is an open door here.
You hit the gnoll but do no damage. The gnoll hits you with a +0 club.
The gnoll hits you with a +0 flail. The gnoll attacks as it pursues you!
The gnoll hits you with a +0 flail.
You hit the gnoll.
The gnoll is moderately wounded.
You hit the gnoll but do no damage.
The gnoll is moderately wounded.
The gnoll hits you with a +0 club. The gnoll closely misses you.
You hit the gnoll.
The gnoll is severely wounded.
The gnoll hits you with a +0 flail. The gnoll hits you with a +0 club.
* * * LOW HITPOINT WARNING * * *
You are too injured to fight recklessly!
You are too injured to fight recklessly!
You whack the gnoll!
You kill the gnoll!
The dart slug bites you.
* * * LOW HITPOINT WARNING * * *
The gnoll barely misses you. The kobold closely misses you.
The gnoll hits you with a +0 club.
You die...

#.##.#..##.##.#........#
#.............#.#.####.#
####.#.###.####.#.# #.#
##..#####......#.####.#
.##......######.........#
......###.######.##.##.####
..........##...†.##...>...#
..........##...g.#####.##.#
.....##.....####@# ##.##.#
<.........###..wgK..#..#..#
....###.### #...r...####.##
#. #...≈...# #.# #.
#.......# #.# #. #...≈...#
#.# #.......####.#
#.......#....# ######


You could see 2 gnolls, a dart slug, a kobold and a rat.

Vanquished Creatures
  A gnoll (D:2)
  A dart slug (D:2)
  A ribbon worm (D:2)
  An orc (D:2)
  3 ball pythons (D:1)
  2 endoplasms (D:1)
  A giant cockroach (D:1)
  3 goblins
  4 hobgoblins (D:1)
  A kobold (D:1)
  A quokka (D:1)
  4 bats
  A rat (D:1)
24 creatures vanquished.

Notes
Turn   | Place    | Note
-------+----------+-------------------------------------------
     0 | D:1      | adelrune the Demonspawn Monk began the quest for the Orb.
     0 | D:1      | Reached XP level 1. HP: 18/18 MP: 1/1
     2 | D:1      | Noticed a vine stalker
     2 | D:1      | Noticed a vampire
     4 | D:1      | Noticed a naga
     4 | D:1      | Noticed a ghoul
     6 | D:1      | Noticed a human
     8 | D:1      | Noticed a troll
    10 | D:1      | Noticed a demigod
    12 | D:1      | Noticed a dwarf
    12 | D:1      | Noticed a tengu
    14 | D:1      | Noticed a merfolk
    14 | D:1      | Noticed a felid
    16 | D:1      | Noticed a barachi
    16 | D:1      | Noticed a demonspawn
    18 | D:1      | Noticed a draconian
    18 | D:1      | Noticed an octopode
    20 | D:1      | Noticed an armataur
    20 | D:1      | Noticed a formicid
    22 | D:1      | Noticed a gargoyle
    22 | D:1      | Noticed a minotaur
    24 | D:1      | Noticed a djinni
    26 | D:1      | Noticed an oni
    26 | D:1      | Noticed an elf
    28 | D:1      | Noticed a spriggan
    65 | D:1      | Found a faded altar of an unknown god.
   219 | D:1      | Gained mutation: You sometimes gain a little power by
                  | taking damage. [demonic ancestry]
   219 | D:1      | Reached XP level 2. HP: 18/24 MP: 2/2
   599 | D:2      | Reached skill level 1 in Armour
   693 | D:2      | Gained mutation: You may rarely emit foul miasma when
                  | damaged in melee. [demonic ancestry]
   693 | D:2      | Reached XP level 3. HP: 29/29 MP: 3/3
   747 | D:2      | Found a stormy altar of Qazlal.
   842 | D:2      | Slain by a gnoll

Illustrated notes

Levels and vault maps discovered:
D:1:      kb_arrival_jail, layout_basic, ebering_ecumenical_altar_box
D:2:      layout_loops_cross, basic_altar, kennysheep_generic_room_11

Skill      XL: |  1  2 |
---------------+-------+-----
Axes           | 3 |  3.4
Armour         | 1 |  1.1
Fighting       | |  3.3
Dodging        | |  2.6

Action                     || total
---------------------------++-------
  Melee: Hand axe          ||    18
         Whip              ||    46
 Armour: Robe              ||     8
         Ring mail         ||     8
         Scale mail        ||    27
  Dodge: Dodged            ||    43

Table legend: (Time is in decaauts)
 A = Elapsed time spent in this place.
 B = Non-inter-level travel time spent in this place.
 C = Inter-level travel time spent in this place.
 D = Time resting spent in this place.
 E = Time spent auto-exploring this place.
 F = Levels seen in this place.
 G = Mean time per level.
                   A        B        C        D        E       F      G
               +--------+--------+--------+--------+--------+-----+--------+
         Total |    844 |    819 |     25 |     91 |    526 |   2 |  422.0 |
       Dungeon |    844 |    819 |     25 |     91 |    526 |   2 |  422.0 |
               +--------+--------+--------+--------+--------+-----+--------+

Top non-repeatable levels by time:
     D:1: 575 daAuts
     D:2: 269 daAuts
